Description

This build order has been used by StarAtt during ESL TW.

This build can be done in every league. It's design to be really strong and require a perfect defense to be hold.

VOD

https://youtu.be/_ejHi_hcFiE

Replay - Pillars of Gold LE

Build Order

Get SALT Encoding   

  12  0:00  Probe  
  13  0:12  Probe  
  14  0:17  Pylon  
  14  0:24  Probe  
  15  0:34  Probe  
  15  0:37  Gateway  
  15  0:42  Probe  
  16  0:47  Assimilator  
  17  0:52  Probe  
  17  0:56  Assimilator  
  18  1:04  Probe  
  19  1:16  Probe  
  20  1:24  Cybernetics Core  
  20  1:25  Zealot  
  22  1:29  Probe  
  23  1:42  Pylon  
  23  1:51  Stalker  
  23  2:00  Robotics Facility  
  25  2:01  Warp Gate  
  25  2:04  Probe  
  26  2:14  Gateway  
  26  2:23  Stalker  
  28  2:34  Pylon  
  28  2:41  Immortal  
  33  3:06  Twilight Council  
  33  3:11  Warp Prism  
  34  3:41  Pylon  
  34  3:47  Dark Shrine  
  34  3:58  Stalker  
  34  4:00  Adept  
  38  4:19  Nexus  
  38  4:20  Observer  
  38  4:33  Adept  
  38  4:59  Dark Templar x2  
  44  5:35  Stalker x2  
Spawning Tool Build Advisor. Get it on Overwolf

Go to:

Details

  • Created by: zuka      
  • Published on: Jun 22, 2020
  • Patch: 4.11.0
  • Difficulty: Medium
Show
View Real Time Build Order
Export as new Build Order

Comments (0)

There are no comments. Be the first!

Create an account to comment!